WCHLSIM.com - West Coast Hockey League
html PUBLIC "-//W3C//DTD XHTML 1.0 Transitional//EN" "http://www.w3.org/TR/xhtml1/DTD/xhtml1-transitional.dtd"> WCHL - Game 3 - VICTORIA GLADIATORS vs SAN DIEGO THUNDER

VICTORIA GLADIATORS vs SAN DIEGO THUNDER

Created - 12 octobre 2021 at 20:36

Goals
1 2 3 T
VICTORIA GLADIATORS 2 1 1 4
SAN DIEGO THUNDER 1 0 1 2
Shots
1 2 3 T
VICTORIA GLADIATORS 6 18 9 33
SAN DIEGO THUNDER 6 16 6 28

1st period

1. VICTORIA GLADIATORS , Anze Kopitar 1 (Colton Parayko 1, Blake Wheeler 1) at 10:04
2. SAN DIEGO THUNDER , Marcus Foligno 1 (Charles McAvoy 1, Jean-Gabriel Pageau 1) at 12:32
3. VICTORIA GLADIATORS , James van Riemsdyk 1 (Anze Kopitar 1, Blake Wheeler 2) at 19:14

Penalties :
Anton Stralman (VIC) for Hooking (Minor) at 7:22

2nd period

4. VICTORIA GLADIATORS , Blake Wheeler 1 (James van Riemsdyk 1, Anze Kopitar 2) at 6:35

Penalties :
Justin Holl (VIC) for Hooking (Minor) at 13:01

3rd period

5. SAN DIEGO THUNDER , Mark Scheifele 1 (Brandon Saad 1, Evander Kane 1) at 17:00
6. VICTORIA GLADIATORS , Mikael Backlund 1 (Conor Garland 1, Kyle Connor 1) at 19:09 (Empty Net)

Penalties :
Erik Cernak (SDG) for Interference (Minor) at 3:08, Evander Kane (SDG) for Interference (Minor) at 9:49

Goalie Stats

Anton Khudobin (VIC), 26 saves from 28 shots - (0,929), W, 1-0-0, 60:00 minutes
Connor Hellebuyck (SDG), 29 saves from 32 shots - (0,906), L, 0-1-0, 58:51 minutes

Players Stats for VICTORIA GLADIATORS

Player Name              G  A  P  +/- PIM S  H  SB GA TA FO     MP     PP MP  PK MP  
------------------------------------------------------------------------------------
Anton Stralman           0  0  0   0  2   0  0  0  0  0  0/0    16:13   2:28   1:04 
Anze Kopitar             1  2  3   2  0   8  0  0  0  0  14/26  19:44   1:52   0:00 
Blake Wheeler            1  2  3   2  0   4  4  0  0  0  0/0    19:22   1:30   0:00 
Brady Skjei              0  0  0   0  0   0  0  2  0  0  0/0    21:39   1:08   2:40 
Colton Parayko           0  1  1   2  0   2  1  1  0  0  0/0    21:54   1:20   0:19 
Conor Garland            0  1  1   0  0   2  2  0  0  0  0/2    17:43   1:52   0:00 
Derek Grant              0  0  0   0  0   1  0  0  0  0  4/6     7:21   0:00   1:22 
Drew Doughty             0  0  0   2  0   0  0  2  0  0  0/0    24:00   1:30   0:59 
James van Riemsdyk       1  1  2   2  0   4  0  0  0  0  1/1    19:44   1:52   0:00 
Jared McCann             0  0  0   0  0   3  2  0  0  0  3/15   14:58   0:00   2:36 
Josh Leivo               0  0  0   0  0   0  0  0  0  0  0/0     5:59   0:00   0:00 
Justin Holl              0  0  0   0  2   1  0  0  0  0  0/0    19:35   0:00   0:29 
Kyle Connor              0  1  1   0  0   3  0  0  0  0  0/1    17:57   2:06   0:00 
Mikael Backlund          1  0  1   0  0   2  1  0  0  0  13/24  17:57   2:06   0:00 
Nils Hoglander           0  0  0   0  0   2  1  1  0  0  0/1    15:50   2:06   1:22 
Reyley Smith             0  0  0   0  0   0  0  0  0  0  0/1    14:58   0:00   2:36 
Ryan Carpenter           0  0  0   0  0   0  0  0  0  0  0/0     5:59   0:00   0:00 
Victor Mete              0  0  0   0  0   1  3  0  0  0  0/0    15:07   0:00   2:25 

Players Stats for SAN DIEGO THUNDER

Player Name              G  A  P  +/- PIM S  H  SB GA TA FO     MP     PP MP  PK MP  
------------------------------------------------------------------------------------
Alexandre Carrier        0  0  0   1  0   0  0  1  0  0  0/0    13:04   0:00   0:32 
Andrew Cogliano          0  0  0   0  0   0  0  1  0  0  1/1    13:19   0:00   0:23 
Brandon Montour          0  0  0   1  0   0  1  0  0  0  0/0    15:11   2:23   0:00 
Brandon Saad             0  1  1  -1  0   4  0  0  0  0  0/0    19:33   1:32   0:00 
Charles McAvoy           0  1  1  -2  0   2  0  1  0  0  0/0    25:38   2:23   2:28 
Connor Murphy            0  0  0  -2  0   1  1  2  0  0  0/0    22:43   0:00   2:12 
David Perron             0  0  0  -2  0   1  0  0  0  0  0/1    16:15   1:32   0:17 
Derek Forbort            0  0  0  -1  0   1  4  1  0  0  0/0    22:06   1:35   1:46 
Drake Batherson          0  0  0   0  0   2  0  0  0  0  0/0    15:22   2:26   0:00 
Erik Cernak              0  0  0  -1  2   0  0  0  0  0  0/0    21:17   1:35   0:58 
Evander Kane             0  1  1  -1  2   2  1  0  0  0  0/0    20:26   2:26   0:00 
Jay Beagle               0  0  0   0  0   1  0  0  0  0  9/14   13:54   0:00   0:58 
Jean-Gabriel Pageau      0  1  1   1  0   4  0  0  0  0  10/19  11:50   2:26   2:43 
Logan Couture            0  0  0  -2  0   1  0  0  0  0  5/14   14:26   0:00   0:00 
Marcus Foligno           1  0  1  -1  0   5  3  0  0  0  1/2    22:05   0:00   0:58 
Mark Scheifele           1  0  1  -1  0   4  0  1  0  0  16/26  19:33   1:32   0:00 
Mikhail Maltsev          0  0  0   0  0   0  0  0  0  0  0/0     0:00   0:00   0:00 
Ryan Hartman             0  0  0   1  0   0  0  0  0  0  0/0     9:18   0:00   2:37 

3 Stars

1 - Blake Wheeler (VIC)
2 - Anze Kopitar (VIC)
3 - James van Riemsdyk (VIC)

Power Play

VICTORIA GLADIATORS - 0 on 2 Attempt(s) - 0,00%
SAN DIEGO THUNDER - 0 on 2 Attempt(s) - 0,00%

Penalty Kill

VICTORIA GLADIATORS - 2 on 2 Attempt(s) - 100,00% - Score 0 goal in Penalty Kill
SAN DIEGO THUNDER - 2 on 2 Attempt(s) - 100,00% - Score 0 goal in Penalty Kill

Team Stat

VICTORIA GLADIATORS - Hits : 14 - Faceoff Wins : 35 - Blocked Shots : 6 - Penalty Minutes : 4
SAN DIEGO THUNDER - Hits : 10 - Faceoff Wins : 42 - Blocked Shots : 7 - Penalty Minutes : 4

Official

Referees : Troy Paterson and Ian Walsh
Linesman : Justin Cornell and Tyson Baker

Game Notes

Mikael Backlund has scored in a empty net!

Finance

Level 1 -- Attendance: 5743 (91,59%) -- Ticket Income 1 005 025 $
Level 2 -- Attendance: 4519 (84,94%) -- Ticket Income 542 280 $
Level 3 -- Attendance: 1887 (90,29%) -- Ticket Income 188 700 $
Level 4 -- Attendance: 4078 (94,40%) -- Ticket Income 285 460 $
Luxury Box -- Attendance: 873 (87,30%) -- Ticket Income 261 900 $
Total Attendance: 17100 (90,00%)
Total Ticket Income: 2 283 365 $
Other Expense: 22 834 $
Total Income: 2 260 531 $

VICTORIA GLADIATORS

5 vs 5 Forward 
   Center                   Left Wing                Right Wing               Time % Phy DF OF 
 1 Anze Kopitar             James van Riemsdyk       Blake Wheeler            36     0   1  4  
 2 Mikael Backlund          Kyle Connor              Conor Garland            32     0   2  3  
 3 Jared McCann             Reyley Smith             Nils Hoglander           24     0   3  2  
 4 Derek Grant              Josh Leivo               Ryan Carpenter           8      0   4  1  

5 vs 5 Defense 
   Defense                  Defense                                           Time % Phy DF OF 
 1 Drew Doughty             Colton Parayko                                    40     0   2  3  
 2 Brady Skjei              Justin Holl                                       35     0   3  2  
 3 Victor Mete              Anton Stralman                                    25     0   4  1  
 4 Drew Doughty             Justin Holl                                       0      1   2  2  

PowerPlay Forward 
   Center                   Left Wing                Right Wing               Time % Phy DF OF 
 1 Anze Kopitar             James van Riemsdyk       Conor Garland            52     0   0  5  
 2 Mikael Backlund          Kyle Connor              Nils Hoglander           48     0   0  5  

PowerPlay Defense
   Defense                  Defense                                           Time % Phy DF OF 
 1 Drew Doughty             Blake Wheeler                                     52     0   1  4  
 2 Colton Parayko           Anton Stralman                                    48     0   1  4  

Penalty Kill 4 Players Forward 
   Center                   Wing                     Time % Phy DF OF 
 1 Jared McCann             Reyley Smith             55     0   4  1  
 2 Derek Grant              Nils Hoglander           45     0   4  1  

Penalty Kill 4 Players Defense
   Defense                  Defense                  Time % Phy DF OF 
 1 Brady Skjei              Justin Holl              55     1   4  0  
 2 Victor Mete              Anton Stralman           45     1   4  0  

Penalty Kill - 3 Players Forward 
   Forward                                           Time % Phy DF OF 
 1 Jared McCann                                      52     0   5  0  
 2 Derek Grant                                       48     0   5  0  

Penalty Kill - 3 Players Defense
   Defense                  Defense                  Time % Phy DF OF 
 1 Brady Skjei              Justin Holl              52     0   5  0  
 2 Drew Doughty             Colton Parayko           48     0   5  0  

4 vs 4 Forward 
   Center                   Wing                     Time % Phy DF OF 
 1 Anze Kopitar             Blake Wheeler            52     1   2  2  
 2 Mikael Backlund          Reyley Smith             48     1   2  2  

4 vs 4 Defense
   Defense                  Defense                  Time % Phy DF OF 
 1 Victor Mete              Anton Stralman           52     1   2  2  
 2 Drew Doughty             Colton Parayko           48     1   2  2  

Last Minutes Offensive
   Center                   Left Wing                Right Wing               Defense                  Defense                  
   Anze Kopitar             James van Riemsdyk       Blake Wheeler            Drew Doughty             Colton Parayko           

Last Minutes Defensive
   Center                   Left Wing                Right Wing               Defense                  Defense                  
   Mikael Backlund          Conor Garland            Reyley Smith             Brady Skjei              Justin Holl              

Goaltenders
Starting : Anton Khudobin           
Backup : Petr Mrazek              

Extra Forwards
Normal : Conor Garland, Kyle Connor, Nils Hoglander - PP : Reyley Smith, Jared McCann - PK : James van Riemsdyk
Extra Defensemen
Normal : Brady Skjei, Anton Stralman, Victor Mete - PP : Brady Skjei - PK : Anton Stralman, Victor Mete
Penalty Shots
Anze Kopitar, Blake Wheeler, Kyle Connor, Conor Garland, James van Riemsdyk
Custom OT Lines Forwards
Anze Kopitar, Blake Wheeler, James van Riemsdyk, Mikael Backlund, Kyle Connor, Conor Garland, Jared McCann, Reyley Smith, Nils Hoglander, Derek Grant
Custom OT Lines Defensemen
Drew Doughty, Colton Parayko, Justin Holl, Anton Stralman, Brady Skjei

Scratches
None

SAN DIEGO THUNDER

5 vs 5 Forward 
   Center                   Left Wing                Right Wing               Time % Phy DF OF 
 1 Mark Scheifele           Evander Kane             Brandon Saad             37     1   1  3  
 2 Logan Couture            David Perron             Marcus Foligno           35     0   3  2  
 3 Jean-Gabriel Pageau      Marcus Foligno           Ryan Hartman             24     1   3  1  
 4 Jay Beagle               Andrew Cogliano          Drake Batherson          4      0   4  1  

5 vs 5 Defense 
   Defense                  Defense                                           Time % Phy DF OF 
 1 Charles McAvoy           Connor Murphy                                     43     0   3  2  
 2 Derek Forbort            Erik Cernak                                       39     0   3  2  
 3 Brandon Montour          Alexandre Carrier                                 18     0   3  2  
 4 Charles McAvoy           Brandon Montour                                   0      0   3  2  

PowerPlay Forward 
   Center                   Left Wing                Right Wing               Time % Phy DF OF 
 1 Mark Scheifele           David Perron             Brandon Saad             55     0   0  5  
 2 Jean-Gabriel Pageau      Evander Kane             Drake Batherson          45     0   0  5  

PowerPlay Defense
   Defense                  Defense                                           Time % Phy DF OF 
 1 Brandon Montour          Charles McAvoy                                    55     0   0  5  
 2 Erik Cernak              Derek Forbort                                     45     0   0  5  

Penalty Kill 4 Players Forward 
   Center                   Wing                     Time % Phy DF OF 
 1 Jean-Gabriel Pageau      Ryan Hartman             55     0   4  1  
 2 Jay Beagle               Marcus Foligno           45     0   4  1  

Penalty Kill 4 Players Defense
   Defense                  Defense                  Time % Phy DF OF 
 1 Erik Cernak              Connor Murphy            55     0   5  0  
 2 Derek Forbort            Charles McAvoy           45     0   5  0  

Penalty Kill - 3 Players Forward 
   Forward                                           Time % Phy DF OF 
 1 Jean-Gabriel Pageau                               55     0   4  1  
 2 Ryan Hartman                                      45     0   4  1  

Penalty Kill - 3 Players Defense
   Defense                  Defense                  Time % Phy DF OF 
 1 Derek Forbort            Connor Murphy            55     0   4  1  
 2 Charles McAvoy           Brandon Montour          45     0   4  1  

4 vs 4 Forward 
   Center                   Wing                     Time % Phy DF OF 
 1 Mark Scheifele           David Perron             55     0   2  3  
 2 Jean-Gabriel Pageau      Brandon Saad             45     0   2  3  

4 vs 4 Defense
   Defense                  Defense                  Time % Phy DF OF 
 1 Charles McAvoy           Connor Murphy            55     1   2  2  
 2 Alexandre Carrier        Brandon Montour          45     1   2  2  

Last Minutes Offensive
   Center                   Left Wing                Right Wing               Defense                  Defense                  
   Mark Scheifele           Evander Kane             David Perron             Charles McAvoy           Erik Cernak              

Last Minutes Defensive
   Center                   Left Wing                Right Wing               Defense                  Defense                  
   Mark Scheifele           Evander Kane             Brandon Saad             Charles McAvoy           Connor Murphy            

Goaltenders
Starting : Connor Hellebuyck        
Backup : Ville Husso              

Extra Forwards
Normal : Mark Scheifele, David Perron, Evander Kane - PP : Mark Scheifele, Marcus Foligno - PK : Ryan Hartman
Extra Defensemen
Normal : Connor Murphy, Charles McAvoy, Derek Forbort - PP : Charles McAvoy - PK : Connor Murphy, Charles McAvoy
Penalty Shots
Mark Scheifele, David Perron, Evander Kane, Jean-Gabriel Pageau, Brandon Saad
Custom OT Lines Forwards
Mark Scheifele, David Perron, Brandon Montour, Evander Kane, Drake Batherson, Jean-Gabriel Pageau, Marcus Foligno, Ryan Hartman, Jay Beagle, Mikhail Maltsev
Custom OT Lines Defensemen
Charles McAvoy, Connor Murphy, Derek Forbort, Brandon Montour, Erik Cernak

Scratches
None


% Time on Ice - VICTORIA GLADIATORS

Lines # - Real PCT - Wanted PCT - Time Play
Normal Forward
1 - 34% - 36% - 17:52
2 - 30% - 32% - 15:51
3 - 24% - 24% - 12:22
4 - 11% - 8% - 5:59
Normal Defense
1 - 39% - 40% - 20:15
2 - 34% - 35% - 17:51
3 - 24% - 25% - 12:42
4 - 2% - 0% - 1:16
PP Forward
1 - 47% - 52% - 1:52
2 - 53% - 48% - 2:06
PP Defense
1 - 38% - 52% - 1:30
2 - 62% - 48% - 2:28
PK Forward
1 - 66% - 55% - 2:36
2 - 34% - 45% - 1:22
PK Defense
1 - 54% - 55% - 2:09
2 - 46% - 45% - 1:49
PK3 Forward
1 - 0% - 52%
2 - 0% - 48%
PK3 Defense
1 - 0% - 52%
2 - 0% - 48%
44 Forward
1 - 0% - 52%
2 - 0% - 48%
44 Defense
1 - 0% - 52%
2 - 0% - 48%
Last Minute Offensive  - 0:00
Last Minute Defensive  - 0:00
Total
Forward - 60:00
Defense - 60:00

% Time on Ice - SAN DIEGO THUNDER

Lines # - Real PCT - Wanted PCT - Time Play
Normal Forward
1 - 35% - 37% - 18:01
2 - 28% - 35% - 14:26
3 - 13% - 24% - 6:41
4 - 25% - 4% - 12:56
Normal Defense
1 - 39% - 43% - 20:31
2 - 36% - 39% - 18:45
3 - 24% - 18% - 12:32
4 - 1% - 0% - 0:16
PP Forward
1 - 39% - 55% - 1:32
2 - 61% - 45% - 2:26
PP Defense
1 - 60% - 55% - 2:23
2 - 40% - 45% - 1:35
PK Forward
1 - 76% - 55% - 3:00
2 - 24% - 45% - 0:58
PK Defense
1 - 55% - 55% - 2:12
2 - 45% - 45% - 1:46
PK3 Forward
1 - 0% - 55%
2 - 0% - 45%
PK3 Defense
1 - 0% - 55%
2 - 0% - 45%
44 Forward
1 - 0% - 55%
2 - 0% - 45%
44 Defense
1 - 0% - 55%
2 - 0% - 45%
Last Minute Offensive  - 0:00
Last Minute Defensive  - 0:00
Total
Forward - 60:00
Defense - 60:00

Play-by-Play

1st period


0:01 of 1st period - Anze Kopitar wins face-off versus Mark Scheifele in neutral zone.
0:28 of 1st period - Shot by Anze Kopitar.
0:28 of 1st period - Stopped by Connor Hellebuyck without a rebound.
0:29 of 1st period - Logan Couture wins face-off versus Kyle Connor in SAN DIEGO THUNDER zone.
0:43 of 1st period - Icing by Erik Cernak.
0:44 of 1st period - Logan Couture wins face-off versus Jared McCann in SAN DIEGO THUNDER zone.
1:16 of 1st period - Shot by David Perron.
1:16 of 1st period - Shot Blocked by Nils Hoglander.
1:18 of 1st period - Shot by Erik Cernak.
1:18 of 1st period - Deflect By David Perron.
1:18 of 1st period - Stopped by Anton Khudobin without a rebound.
1:19 of 1st period - Jay Beagle wins face-off versus Mikael Backlund in VICTORIA GLADIATORS zone.
2:48 of 1st period - Shot by Mark Scheifele.
2:48 of 1st period - Stopped by Anton Khudobin without a rebound.
2:49 of 1st period - Anze Kopitar wins face-off versus Jean-Gabriel Pageau in VICTORIA GLADIATORS zone.
3:40 of 1st period - Icing by Colton Parayko.
3:41 of 1st period - Anze Kopitar wins face-off versus Mark Scheifele in VICTORIA GLADIATORS zone.
4:47 of 1st period - Shot by Drake Batherson.
4:47 of 1st period - Deflect By Andrew Cogliano.
4:47 of 1st period - Shot Misses the Net.
4:55 of 1st period - Shot by Drake Batherson.
4:55 of 1st period - Shot Misses the Net.
4:57 of 1st period - Shot by Jay Beagle.
4:57 of 1st period - Stopped by Anton Khudobin without a rebound.
4:58 of 1st period - Derek Grant wins face-off versus Logan Couture in VICTORIA GLADIATORS zone.
4:58 of 1st period - Derek Grant is hit by Marcus Foligno.
5:57 of 1st period - Icing by Colton Parayko.
5:58 of 1st period - Mark Scheifele wins face-off versus Anze Kopitar in VICTORIA GLADIATORS zone.
7:22 of 1st period - Minor Penalty to Anton Stralman for Hooking.
7:23 of 1st period - Jean-Gabriel Pageau wins face-off versus Jared McCann in VICTORIA GLADIATORS zone.
7:49 of 1st period - Shot by Evander Kane.
7:49 of 1st period - Deflect By Jean-Gabriel Pageau.
7:49 of 1st period - Stopped by Anton Khudobin without a rebound.
7:50 of 1st period - Jared McCann wins face-off versus Mark Scheifele in VICTORIA GLADIATORS zone.
8:12 of 1st period - Icing by Brandon Saad.
8:13 of 1st period - Mark Scheifele wins face-off versus Jared McCann in SAN DIEGO THUNDER zone.
9:33 of 1st period - Charles McAvoy is hit by Blake Wheeler and loses puck.
9:38 of 1st period - Shot by Blake Wheeler.
9:38 of 1st period - Stopped by Connor Hellebuyck with a rebound.
10:00 of 1st period - Shot by Anze Kopitar.
10:00 of 1st period - Shot Misses the Net.
10:02 of 1st period - Shot by Colton Parayko.
10:02 of 1st period - Shot Misses the Net.
10:04 of 1st period - Shot by Anze Kopitar.
10:04 of 1st period - Goal by Anze Kopitar - VICTORIA GLADIATORS : 1 - SAN DIEGO THUNDER : 0.
10:05 of 1st period - Jay Beagle wins face-off versus Mikael Backlund in neutral zone.
11:19 of 1st period - Shot by Jared McCann.
11:19 of 1st period - Deflect By Reyley Smith.
11:19 of 1st period - Shot Misses the Net.
12:32 of 1st period - Shot by Marcus Foligno.
12:32 of 1st period - Goal by Marcus Foligno - VICTORIA GLADIATORS : 1 - SAN DIEGO THUNDER : 1.
12:33 of 1st period - Derek Grant wins face-off versus Jean-Gabriel Pageau in neutral zone.
12:47 of 1st period - Shot by Marcus Foligno.
12:47 of 1st period - Stopped by Anton Khudobin without a rebound.
12:48 of 1st period - Mikael Backlund wins face-off versus Logan Couture in VICTORIA GLADIATORS zone.
12:48 of 1st period - Conor Garland is hit by Marcus Foligno and loses puck.
13:16 of 1st period - Mikael Backlund is hit by Brandon Montour.
14:50 of 1st period - Shot by Anze Kopitar.
14:50 of 1st period - Stopped by Connor Hellebuyck without a rebound.
14:51 of 1st period - Mikael Backlund wins face-off versus Mark Scheifele in SAN DIEGO THUNDER zone.
14:56 of 1st period - Shot by Kyle Connor.
14:56 of 1st period - Stopped by Connor Hellebuyck without a rebound.
14:57 of 1st period - Mark Scheifele wins face-off versus Mikael Backlund in SAN DIEGO THUNDER zone.
15:18 of 1st period - Brandon Saad is hit by Conor Garland and loses puck.
15:26 of 1st period - Conor Garland is hit by Derek Forbort and loses puck.
15:37 of 1st period - Shot by Kyle Connor.
15:37 of 1st period - Shot Misses the Net.
15:50 of 1st period - Icing by Derek Forbort.
15:51 of 1st period - James van Riemsdyk wins face-off versus Mark Scheifele in SAN DIEGO THUNDER zone.
16:07 of 1st period - Anze Kopitar is hit by Derek Forbort and loses puck.
16:31 of 1st period - Icing by James van Riemsdyk.
16:32 of 1st period - Anze Kopitar wins face-off versus Jean-Gabriel Pageau in VICTORIA GLADIATORS zone.
16:48 of 1st period - Icing by Connor Murphy.
16:49 of 1st period - Jean-Gabriel Pageau wins face-off versus Jared McCann in SAN DIEGO THUNDER zone.
16:49 of 1st period - Jean-Gabriel Pageau is hit by Nils Hoglander.
17:14 of 1st period - Shot by Marcus Foligno.
17:14 of 1st period - Shot Misses the Net.
18:01 of 1st period - Icing by Brandon Montour.
18:02 of 1st period - Mikael Backlund wins face-off versus Jay Beagle in SAN DIEGO THUNDER zone.
18:07 of 1st period - Shot by Kyle Connor.
18:07 of 1st period - Shot Blocked by Alexandre Carrier.
18:32 of 1st period - Shot by Mikael Backlund.
18:32 of 1st period - Shot Misses the Net.
19:12 of 1st period - Shot by Anze Kopitar.
19:12 of 1st period - Shot Hit the Post.
19:14 of 1st period - Shot by James van Riemsdyk.
19:14 of 1st period - Goal by James van Riemsdyk - VICTORIA GLADIATORS : 2 - SAN DIEGO THUNDER : 1.
19:15 of 1st period - Derek Grant wins face-off versus Logan Couture in neutral zone.
19:35 of 1st period - Shot by Ryan Carpenter.
19:35 of 1st period - Shot Misses the Net.
Goals for this period are 2 for VICTORIA GLADIATORS vs 1 for SAN DIEGO THUNDER.
Shots for this period are 6 for VICTORIA GLADIATORS vs 6 for SAN DIEGO THUNDER.

2nd period


0:01 of 2nd period - Anze Kopitar wins face-off versus Marcus Foligno in neutral zone.
0:22 of 2nd period - Shot by James van Riemsdyk.
0:22 of 2nd period - Stopped by Connor Hellebuyck without a rebound.
0:23 of 2nd period - Mark Scheifele wins face-off versus Mikael Backlund in SAN DIEGO THUNDER zone.
0:32 of 2nd period - Shot by Brandon Saad.
0:32 of 2nd period - Stopped by Anton Khudobin without a rebound.
0:33 of 2nd period - Mikael Backlund wins face-off versus Jean-Gabriel Pageau in VICTORIA GLADIATORS zone.
1:10 of 2nd period - Shot by Jean-Gabriel Pageau.
1:10 of 2nd period - Shot Misses the Net.
1:12 of 2nd period - Shot by Jean-Gabriel Pageau.
1:12 of 2nd period - Stopped by Anton Khudobin without a rebound.
1:13 of 2nd period - Mark Scheifele wins face-off versus Anze Kopitar in VICTORIA GLADIATORS zone.
1:34 of 2nd period - Shot by Brandon Saad.
1:34 of 2nd period - Stopped by Anton Khudobin with a rebound.
1:36 of 2nd period - Shot by Brandon Saad.
1:36 of 2nd period - Stopped by Anton Khudobin without a rebound.
1:37 of 2nd period - Jay Beagle wins face-off versus Nils Hoglander in VICTORIA GLADIATORS zone.
1:44 of 2nd period - Shot by Drake Batherson.
1:44 of 2nd period - Shot Misses the Net.
2:42 of 2nd period - Shot by Anze Kopitar.
2:42 of 2nd period - Stopped by Connor Hellebuyck without a rebound.
2:43 of 2nd period - Marcus Foligno wins face-off versus Conor Garland in SAN DIEGO THUNDER zone.
3:08 of 2nd period - Shot by David Perron.
3:08 of 2nd period - Shot Misses the Net.
3:20 of 2nd period - Connor Murphy is hit by Mikael Backlund and loses puck.
4:34 of 2nd period - Icing by Colton Parayko.
4:35 of 2nd period - Jay Beagle wins face-off versus Anze Kopitar in VICTORIA GLADIATORS zone.
4:42 of 2nd period - Shot by Drake Batherson.
4:42 of 2nd period - Stopped by Anton Khudobin without a rebound.
4:43 of 2nd period - Jay Beagle wins face-off versus Jared McCann in VICTORIA GLADIATORS zone.
5:08 of 2nd period - Jay Beagle is hit by Jared McCann and loses puck.
5:57 of 2nd period - Shot by Kyle Connor.
5:57 of 2nd period - Shot Blocked by Charles McAvoy.
5:59 of 2nd period - Shot by Mikael Backlund.
5:59 of 2nd period - Stopped by Connor Hellebuyck with a rebound.
6:11 of 2nd period - Shot by Kyle Connor.
6:11 of 2nd period - Shot Misses the Net.
6:33 of 2nd period - Shot by James van Riemsdyk.
6:33 of 2nd period - Shot Misses the Net.
6:35 of 2nd period - Shot by Blake Wheeler.
6:35 of 2nd period - Goal by Blake Wheeler - VICTORIA GLADIATORS : 3 - SAN DIEGO THUNDER : 1.
6:36 of 2nd period - Anze Kopitar wins face-off versus Mark Scheifele in neutral zone.
6:39 of 2nd period - Brandon Saad is hit by Blake Wheeler and loses puck.
6:48 of 2nd period - Shot by James van Riemsdyk.
6:48 of 2nd period - Stopped by Connor Hellebuyck with a rebound.
6:50 of 2nd period - Shot by Drew Doughty.
6:50 of 2nd period - Shot Misses the Net.
6:52 of 2nd period - Shot by Anze Kopitar.
6:52 of 2nd period - Stopped by Connor Hellebuyck with a rebound.
6:59 of 2nd period - Off-side.
7:00 of 2nd period - Jay Beagle wins face-off versus Derek Grant in neutral zone.
7:12 of 2nd period - Shot by Josh Leivo.
7:12 of 2nd period - Shot Blocked by Andrew Cogliano.
7:14 of 2nd period - Shot by Brady Skjei.
7:14 of 2nd period - Shot Misses the Net.
7:18 of 2nd period - Shot by Derek Grant.
7:18 of 2nd period - Stopped by Connor Hellebuyck with a rebound.
7:59 of 2nd period - Shot by Evander Kane.
7:59 of 2nd period - Deflect By Mark Scheifele.
7:59 of 2nd period - Stopped by Anton Khudobin with a rebound.
9:06 of 2nd period - Shot by James van Riemsdyk.
9:06 of 2nd period - Shot Blocked by Connor Murphy.
9:08 of 2nd period - Shot by Colton Parayko.
9:08 of 2nd period - Stopped by Connor Hellebuyck without a rebound.
9:09 of 2nd period - Mikael Backlund wins face-off versus Logan Couture in SAN DIEGO THUNDER zone.
9:30 of 2nd period - Shot by Conor Garland.
9:30 of 2nd period - Stopped by Connor Hellebuyck without a rebound.
9:31 of 2nd period - Anze Kopitar wins face-off versus Jay Beagle in SAN DIEGO THUNDER zone.
9:50 of 2nd period - Shot by Blake Wheeler.
9:50 of 2nd period - Shot Misses the Net.
10:28 of 2nd period - Shot by Nils Hoglander.
10:28 of 2nd period - Shot Misses the Net.
10:30 of 2nd period - Shot by Jared McCann.
10:30 of 2nd period - Stopped by Connor Hellebuyck with a rebound.
10:32 of 2nd period - Shot by Jared McCann.
10:32 of 2nd period - Stopped by Connor Hellebuyck without a rebound.
10:33 of 2nd period - Mikael Backlund wins face-off versus Jean-Gabriel Pageau in SAN DIEGO THUNDER zone.
10:36 of 2nd period - Shot by Kyle Connor.
10:36 of 2nd period - Stopped by Connor Hellebuyck without a rebound.
10:37 of 2nd period - Jean-Gabriel Pageau wins face-off versus Jared McCann in SAN DIEGO THUNDER zone.
10:47 of 2nd period - Reyley Smith is hit by Derek Forbort and loses puck.
11:04 of 2nd period - Icing by Erik Cernak.
11:05 of 2nd period - Jean-Gabriel Pageau wins face-off versus Mikael Backlund in SAN DIEGO THUNDER zone.
11:05 of 2nd period - Jean-Gabriel Pageau is hit by Conor Garland.
11:24 of 2nd period - Ryan Hartman is hit by Colton Parayko and loses puck.
11:27 of 2nd period - Shot by Derek Forbort.
11:27 of 2nd period - Shot Misses the Net.
11:29 of 2nd period - Shot by Erik Cernak.
11:29 of 2nd period - Shot Misses the Net.
11:39 of 2nd period - Icing by Mikael Backlund.
11:40 of 2nd period - Mark Scheifele wins face-off versus Mikael Backlund in VICTORIA GLADIATORS zone.
11:41 of 2nd period - Shot by Evander Kane.
11:41 of 2nd period - Stopped by Anton Khudobin with a rebound.
11:43 of 2nd period - Shot by Brandon Saad.
11:43 of 2nd period - Stopped by Anton Khudobin without a rebound.
11:44 of 2nd period - Mark Scheifele wins face-off versus Anze Kopitar in VICTORIA GLADIATORS zone.
11:55 of 2nd period - Shot by Mark Scheifele.
11:55 of 2nd period - Shot Hit the Post.
12:01 of 2nd period - Shot by Anze Kopitar.
12:01 of 2nd period - Stopped by Connor Hellebuyck with a rebound.
12:03 of 2nd period - Shot by Victor Mete.
12:03 of 2nd period - Stopped by Connor Hellebuyck without a rebound.
12:04 of 2nd period - Jay Beagle wins face-off versus Reyley Smith in SAN DIEGO THUNDER zone.
12:32 of 2nd period - Shot by Nils Hoglander.
12:32 of 2nd period - Stopped by Connor Hellebuyck without a rebound.
12:33 of 2nd period - Anze Kopitar wins face-off versus Logan Couture in SAN DIEGO THUNDER zone.
12:54 of 2nd period - Shot by Marcus Foligno.
12:54 of 2nd period - Stopped by Anton Khudobin with a rebound.
13:01 of 2nd period - Minor Penalty to Justin Holl for Hooking.
13:02 of 2nd period - Jared McCann wins face-off versus Jean-Gabriel Pageau in VICTORIA GLADIATORS zone.
13:35 of 2nd period - Shot by Jean-Gabriel Pageau.
13:35 of 2nd period - Deflect By Evander Kane.
13:35 of 2nd period - Stopped by Anton Khudobin without a rebound.
13:36 of 2nd period - Mark Scheifele wins face-off versus Jared McCann in VICTORIA GLADIATORS zone.
14:08 of 2nd period - Off-side.
14:09 of 2nd period - Jean-Gabriel Pageau wins face-off versus Derek Grant in neutral zone.
14:31 of 2nd period - Shot by Charles McAvoy.
14:31 of 2nd period - Stopped by Anton Khudobin with a rebound.
14:35 of 2nd period - Shot by Drake Batherson.
14:35 of 2nd period - Shot Misses the Net.
15:05 of 2nd period - Shot by David Perron.
15:05 of 2nd period - Deflect By Logan Couture.
15:05 of 2nd period - Shot Misses the Net.
15:07 of 2nd period - Shot by Erik Cernak.
15:07 of 2nd period - Shot Misses the Net.
15:09 of 2nd period - Shot by Derek Forbort.
15:09 of 2nd period - Stopped by Anton Khudobin without a rebound.
15:10 of 2nd period - Mikael Backlund wins face-off versus Logan Couture in VICTORIA GLADIATORS zone.
15:16 of 2nd period - Icing by Drew Doughty.
15:17 of 2nd period - Mikael Backlund wins face-off versus Logan Couture in VICTORIA GLADIATORS zone.
15:23 of 2nd period - Mikael Backlund is hit by Derek Forbort and loses puck.
15:29 of 2nd period - Off-side.
15:30 of 2nd period - Anze Kopitar wins face-off versus Mark Scheifele in neutral zone.
15:48 of 2nd period - Off-side.
15:49 of 2nd period - Logan Couture wins face-off versus Mikael Backlund in neutral zone.
16:15 of 2nd period - Shot by Conor Garland.
16:15 of 2nd period - Stopped by Connor Hellebuyck without a rebound.
16:16 of 2nd period - Mark Scheifele wins face-off versus Anze Kopitar in SAN DIEGO THUNDER zone.
16:18 of 2nd period - Icing by Charles McAvoy.
16:19 of 2nd period - Mark Scheifele wins face-off versus Anze Kopitar in SAN DIEGO THUNDER zone.
16:19 of 2nd period - Mark Scheifele is hit by Blake Wheeler.
16:38 of 2nd period - Shot by Anze Kopitar.
16:38 of 2nd period - Stopped by Connor Hellebuyck without a rebound.
16:39 of 2nd period - Jean-Gabriel Pageau wins face-off versus Jared McCann in SAN DIEGO THUNDER zone.
16:39 of 2nd period - Jean-Gabriel Pageau is hit by Jared McCann.
17:01 of 2nd period - Shot by Jean-Gabriel Pageau.
17:01 of 2nd period - Shot Blocked by Drew Doughty.
17:19 of 2nd period - Shot by Jean-Gabriel Pageau.
17:19 of 2nd period - Stopped by Anton Khudobin without a rebound.
17:20 of 2nd period - Mark Scheifele wins face-off versus Mikael Backlund in VICTORIA GLADIATORS zone.
17:48 of 2nd period - Icing by Justin Holl.
17:49 of 2nd period - Mikael Backlund wins face-off versus Logan Couture in VICTORIA GLADIATORS zone.
17:58 of 2nd period - Mikael Backlund is hit by Marcus Foligno and loses puck.
18:07 of 2nd period - Shot by David Perron.
18:07 of 2nd period - Shot Blocked by Brady Skjei.
18:11 of 2nd period - Shot by Logan Couture.
18:11 of 2nd period - Stopped by Anton Khudobin with a rebound.
18:13 of 2nd period - Shot by Marcus Foligno.
18:13 of 2nd period - Stopped by Anton Khudobin without a rebound.
18:14 of 2nd period - Mark Scheifele wins face-off versus Anze Kopitar in VICTORIA GLADIATORS zone.
18:17 of 2nd period - Shot by Mark Scheifele.
18:17 of 2nd period - Stopped by Anton Khudobin with a rebound.
18:41 of 2nd period - Shot by Anze Kopitar.
18:41 of 2nd period - Shot Misses the Net.
18:43 of 2nd period - Shot by Anze Kopitar.
18:43 of 2nd period - Shot Misses the Net.
18:45 of 2nd period - Shot by Anze Kopitar.
18:45 of 2nd period - Stopped by Connor Hellebuyck with a rebound.
19:02 of 2nd period - James van Riemsdyk is hit by Connor Murphy and loses puck.
19:44 of 2nd period - Shot by Reyley Smith.
19:44 of 2nd period - Shot Misses the Net.
19:46 of 2nd period - Shot by Reyley Smith.
19:46 of 2nd period - Shot Misses the Net.
Goals for this period are 1 for VICTORIA GLADIATORS vs 0 for SAN DIEGO THUNDER.
Shots for this period are 18 for VICTORIA GLADIATORS vs 16 for SAN DIEGO THUNDER.

3rd period


0:01 of 3rd period - Jean-Gabriel Pageau wins face-off versus Anze Kopitar in neutral zone.
0:01 of 3rd period - Ryan Hartman is hit by Blake Wheeler and loses puck.
0:10 of 3rd period - Shot by Anze Kopitar.
0:10 of 3rd period - Shot Misses the Net.
0:12 of 3rd period - Shot by Colton Parayko.
0:12 of 3rd period - Stopped by Connor Hellebuyck without a rebound.
0:13 of 3rd period - Mikael Backlund wins face-off versus Mark Scheifele in SAN DIEGO THUNDER zone.
0:30 of 3rd period - Shot by Kyle Connor.
0:30 of 3rd period - Shot Misses the Net.
0:32 of 3rd period - Shot by Kyle Connor.
0:32 of 3rd period - Stopped by Connor Hellebuyck with a rebound.
1:38 of 3rd period - Shot by Marcus Foligno.
1:38 of 3rd period - Stopped by Anton Khudobin without a rebound.
1:39 of 3rd period - Jay Beagle wins face-off versus Jared McCann in VICTORIA GLADIATORS zone.
2:03 of 3rd period - Drake Batherson is hit by Victor Mete and loses puck.
2:20 of 3rd period - Shot by Jay Beagle.
2:20 of 3rd period - Shot Misses the Net.
2:33 of 3rd period - Ryan Hartman is hit by Victor Mete and loses puck.
2:44 of 3rd period - Shot by Jean-Gabriel Pageau.
2:44 of 3rd period - Stopped by Anton Khudobin without a rebound.
2:45 of 3rd period - Mark Scheifele wins face-off versus Anze Kopitar in VICTORIA GLADIATORS zone.
3:08 of 3rd period - Minor Penalty to Erik Cernak for Interference.
3:09 of 3rd period - Jean-Gabriel Pageau wins face-off versus Conor Garland in SAN DIEGO THUNDER zone.
3:27 of 3rd period - Icing by Anze Kopitar.
3:28 of 3rd period - Jean-Gabriel Pageau wins face-off versus Anze Kopitar in VICTORIA GLADIATORS zone.
3:53 of 3rd period - Shot by Conor Garland.
3:53 of 3rd period - Deflect By Anze Kopitar.
3:53 of 3rd period - Shot Blocked by Connor Murphy.
4:15 of 3rd period - Shot by Colton Parayko.
4:15 of 3rd period - Deflect By Kyle Connor.
4:15 of 3rd period - Shot Misses the Net.
4:17 of 3rd period - Shot by Nils Hoglander.
4:17 of 3rd period - Stopped by Connor Hellebuyck without a rebound.
4:18 of 3rd period - Mikael Backlund wins face-off versus Jean-Gabriel Pageau in SAN DIEGO THUNDER zone.
4:19 of 3rd period - Shot by Nils Hoglander.
4:19 of 3rd period - Shot Misses the Net.
5:23 of 3rd period - Shot by Evander Kane.
5:23 of 3rd period - Shot Misses the Net.
6:50 of 3rd period - Shot by James van Riemsdyk.
6:50 of 3rd period - Stopped by Connor Hellebuyck without a rebound.
6:51 of 3rd period - Mikael Backlund wins face-off versus Jay Beagle in SAN DIEGO THUNDER zone.
8:14 of 3rd period - Icing by Jay Beagle.
8:15 of 3rd period - Anze Kopitar wins face-off versus Jay Beagle in SAN DIEGO THUNDER zone.
8:16 of 3rd period - Shot by Blake Wheeler.
8:16 of 3rd period - Stopped by Connor Hellebuyck without a rebound.
8:17 of 3rd period - Anze Kopitar wins face-off versus Jean-Gabriel Pageau in SAN DIEGO THUNDER zone.
9:49 of 3rd period - Minor Penalty to Evander Kane for Interference.
9:50 of 3rd period - Jean-Gabriel Pageau wins face-off versus Mikael Backlund in SAN DIEGO THUNDER zone.
11:14 of 3rd period - Off-side.
11:15 of 3rd period - Andrew Cogliano wins face-off versus Anze Kopitar in neutral zone.
11:26 of 3rd period - Shot by Blake Wheeler.
11:26 of 3rd period - Stopped by Connor Hellebuyck without a rebound.
11:27 of 3rd period - Anze Kopitar wins face-off versus Jean-Gabriel Pageau in SAN DIEGO THUNDER zone.
11:54 of 3rd period - Shot by Josh Leivo.
11:54 of 3rd period - Deflect By Derek Grant.
11:54 of 3rd period - Shot Hit the Post.
12:00 of 3rd period - Shot by Drew Doughty.
12:00 of 3rd period - Shot Blocked by Mark Scheifele.
12:02 of 3rd period - Shot by Ryan Carpenter.
12:02 of 3rd period - Shot Hit the Post.
12:04 of 3rd period - Shot by Justin Holl.
12:04 of 3rd period - Stopped by Connor Hellebuyck without a rebound.
12:05 of 3rd period - Logan Couture wins face-off versus Jared McCann in SAN DIEGO THUNDER zone.
12:18 of 3rd period - Shot by Jared McCann.
12:18 of 3rd period - Stopped by Connor Hellebuyck without a rebound.
12:19 of 3rd period - Mikael Backlund wins face-off versus Mark Scheifele in SAN DIEGO THUNDER zone.
13:11 of 3rd period - Icing by Charles McAvoy.
13:12 of 3rd period - Anze Kopitar wins face-off versus Mark Scheifele in SAN DIEGO THUNDER zone.
13:32 of 3rd period - Icing by Charles McAvoy.
13:33 of 3rd period - Mark Scheifele wins face-off versus Jared McCann in SAN DIEGO THUNDER zone.
14:11 of 3rd period - Icing by Jared McCann.
14:12 of 3rd period - Logan Couture wins face-off versus Jared McCann in VICTORIA GLADIATORS zone.
14:32 of 3rd period - Derek Forbort is hit by Victor Mete and loses puck.
15:07 of 3rd period - Shot by Blake Wheeler.
15:07 of 3rd period - Shot Blocked by Derek Forbort.
15:51 of 3rd period - Icing by David Perron.
15:52 of 3rd period - Derek Grant wins face-off versus David Perron in SAN DIEGO THUNDER zone.
16:46 of 3rd period - Shot by Andrew Cogliano.
16:46 of 3rd period - Shot Blocked by Drew Doughty.
16:48 of 3rd period - Shot by Andrew Cogliano.
16:48 of 3rd period - Shot Blocked by Colton Parayko.
16:52 of 3rd period - Shot by Drake Batherson.
16:52 of 3rd period - Stopped by Anton Khudobin without a rebound.
16:53 of 3rd period - Mark Scheifele wins face-off versus Mikael Backlund in VICTORIA GLADIATORS zone.
16:56 of 3rd period - Shot by Brandon Saad.
16:56 of 3rd period - Shot Misses the Net.
16:58 of 3rd period - Shot by Evander Kane.
16:58 of 3rd period - Shot Misses the Net.
17:00 of 3rd period - Shot by Brandon Saad.
17:00 of 3rd period - Deflect By Mark Scheifele.
17:00 of 3rd period - Goal by Mark Scheifele - VICTORIA GLADIATORS : 3 - SAN DIEGO THUNDER : 2.
17:01 of 3rd period - Mark Scheifele wins face-off versus Mikael Backlund in neutral zone.
17:06 of 3rd period - Shot by Evander Kane.
17:06 of 3rd period - Shot Misses the Net.
17:08 of 3rd period - Shot by Brandon Saad.
17:08 of 3rd period - Shot Hit the Post.
17:16 of 3rd period - Mikael Backlund is hit by Evander Kane and loses puck.
17:35 of 3rd period - Shot by Mark Scheifele.
17:35 of 3rd period - Shot Misses the Net.
17:37 of 3rd period - Shot by Brandon Saad.
17:37 of 3rd period - Shot Misses the Net.
17:39 of 3rd period - Shot by Charles McAvoy.
17:39 of 3rd period - Stopped by Anton Khudobin with a rebound.
17:41 of 3rd period - Shot by Connor Murphy.
17:41 of 3rd period - Shot Misses the Net.
17:43 of 3rd period - Shot by Evander Kane.
17:43 of 3rd period - Shot Blocked by Brady Skjei.
17:45 of 3rd period - Shot by Connor Murphy.
17:45 of 3rd period - Stopped by Anton Khudobin without a rebound.
17:46 of 3rd period - Anze Kopitar wins face-off versus Jay Beagle in VICTORIA GLADIATORS zone.
17:48 of 3rd period - Icing by Blake Wheeler.
17:49 of 3rd period - Jay Beagle wins face-off versus Anze Kopitar in VICTORIA GLADIATORS zone.
17:50 of 3rd period - Shot by Drake Batherson.
17:50 of 3rd period - Shot Misses the Net.
18:00 of 3rd period - SAN DIEGO THUNDER, Connor Hellebuyck is pulled from the net.
19:09 of 3rd period - Shot by Mikael Backlund.
19:09 of 3rd period - Goal by Mikael Backlund - VICTORIA GLADIATORS : 4 - SAN DIEGO THUNDER : 2.
19:09 of 3rd period - Connor Hellebuyck from SAN DIEGO THUNDER was sent back in the game.
19:10 of 3rd period - Jared McCann wins face-off versus Logan Couture in neutral zone.
Goals for this period are 1 for VICTORIA GLADIATORS vs 1 for SAN DIEGO THUNDER.
Shots for this period are 9 for VICTORIA GLADIATORS vs 6 for SAN DIEGO THUNDER.


SEBASTIAN
AHO
MARK
SCHEIFELE
JAKE
OETTINGER

EAST COAST

HOCKEY LEAGUE

  • 17.QUE3CHI2
  • 18.CHA2LIM4
  • 19.TRV3LON2
  • 20.CHW1BAL2
  • 21.PITMAN
  • 22.ATLNHW
  • 23.WORPET
  • 24.RHI